| TOP OF THE 1ST |
|
Madison Brewers batting - Pitching for Americus Braves : RHP George Kellum
|
|
Pitching: RHP George Kellum
|
|
|
Batting: LHB Rick Campbell
|
0-0: SINGLE (Groundball, 34D, EV 101.9 MPH)
|
|
Batting: SHB Ramon Perez
|
0-0: Ball 1-0: Ball 2-0: Foul Ball, location: 2F 2-1: Ball 3-1: Base on Balls Rick Campbell to second
|
|
Batting: SHB Aaron Neill
|
0-0: SINGLE (Line Drive, 89S, EV 93.8 MPH) Rick Campbell to third Ramon Perez to second
|
|
Batting: SHB Jerry Duffy
|
0-0: Ball 1-0: Ball 2-0: Called Strike 2-1: Fly out, F5 (Popup, 25F, EV 75.6 MPH)
|
|
Batting: RHB Drew Forbess
|
0-0: Ball 1-0: Fielders Choice at 2nd, 6-4 (Groundball, 56, EV 86.9 MPH) Rick Campbell scores Ramon Perez to third
|
|
Batting: RHB Chris Fruit
|
0-0: Called Strike 0-1: Foul Ball, location: 2F 0-2: Foul Ball, location: 2F 0-2: Ball 1-2: Foul Ball, location: 2F 1-2: Strikes out swinging
|
| Top of the 1st over - 1 run, 2 hits, 0 errors, 2 left on base; Madison 1 - Americus 0 |
| BOTTOM OF THE 1ST |
|
Americus Braves batting - Pitching for Madison Brewers : LHP Sam Glaser
|
|
Pitching: LHP Sam Glaser
|
|
|
Batting: RHB Joe Young
|
0-0: Ball 1-0: Ball 2-0: Swinging Strike 2-1: Foul Ball, location: 2F 2-2: Strikes out swinging
|
|
Batting: LHB Erik Gretzky
|
0-0: Ball 1-0: Ball 2-0: Ball 3-0: Base on Balls
|
|
Batting: RHB Hisayuki Akiyama
|
0-0: Ball 1-0: Foul Ball, location: 2F 1-1: Ball 2-1: Swinging Strike 2-2: Foul Ball, location: 2F 2-2: Ball 3-2: 2-RUN HOME RUN (Flyball, 78XD, EV 107.5 MPH), Distance : 418 ft
|
|
Batting: RHB Josh McCormick
|
0-0: Ball 1-0: Ground out 6-3 (Groundball, 6S, EV 70.6 MPH)
|
|
Batting: SHB Jose Melendez
|
0-0: Ball 1-0: Fly out, F9 (Line Drive, 89M, EV 95.0 MPH)
|
| Bottom of the 1st over - 2 runs, 1 hit, 0 errors, 0 left on base; Madison 1 - Americus 2 |
| TOP OF THE 2ND |
|
Madison Brewers batting - Pitching for Americus Braves : RHP George Kellum
|
|
Batting: RHB Victor Alarcon
|
0-0: Ball 1-0: Swinging Strike 1-1: Ball 2-1: Ground out 6-3 (Groundball, 6, EV 78.1 MPH)
|
|
Batting: RHB Jesus Menjivar
|
0-0: Foul Ball, location: 2F 0-1: Called Strike 0-2: Foul Ball, location: 2F 0-2: Foul Ball, location: 2F 0-2: Foul Ball, location: 2F 0-2: Fly out, F8 (Line Drive, 8RM, EV 88.8 MPH)
|
|
Batting: RHB Justin Marino
|
0-0: Called Strike 0-1: Called Strike 0-2: Foul Ball, location: 2F 0-2: Ball 1-2: Ball 2-2: Foul Ball, location: 2F 2-2: Strikes out swinging
|
| Top of the 2nd over - 0 runs, 0 hits, 0 errors, 0 left on base; Madison 1 - Americus 2 |
| BOTTOM OF THE 2ND |
|
Americus Braves batting - Pitching for Madison Brewers : LHP Sam Glaser
|
|
Batting: LHB Ryan Murdock
|
0-0: Called Strike 0-1: Fly out, F7 (Line Drive, 7, EV 98.8 MPH)
|
|
Batting: SHB Jordan Barragan
|
0-0: Ground out 4-3 (Groundball, 4, EV 106.9 MPH)
|
|
Batting: RHB Gerard Michel
|
0-0: Ball 1-0: Ground out 6-3 (Groundball, 6, EV 84.4 MPH)
|
| Bottom of the 2nd over - 0 runs, 0 hits, 0 errors, 0 left on base; Madison 1 - Americus 2 |
| TOP OF THE 3RD |
|
Madison Brewers batting - Pitching for Americus Braves : RHP George Kellum
|
|
Batting: LHB Rick Campbell
|
0-0: Ball 1-0: Foul Ball, location: 2F 1-1: SINGLE (Line Drive, 56, EV 107.5 MPH)
|
|
Batting: SHB Ramon Perez
|
0-0: Called Strike 0-1: Ball 1-1: Swinging Strike 1-2: Strikes out looking
|
|
Batting: SHB Aaron Neill
|
0-0: Fielders Choice at 2nd, 4-6 (Groundball, 4D, EV 100.0 MPH)
|
|
Batting: SHB Jerry Duffy
|
0-0: Called Strike Aaron Neill steals 2nd base 0-1: Ground out U3 (Groundball, 3, EV 76.2 MPH)
|
| Top of the 3rd over - 0 runs, 1 hit, 0 errors, 1 left on base; Madison 1 - Americus 2 |
| BOTTOM OF THE 3RD |
|
Americus Braves batting - Pitching for Madison Brewers : LHP Sam Glaser
|
|
Batting: RHB George Provance
|
0-0: Ball 1-0: Foul Ball, location: 2F 1-1: Called Strike 1-2: Strikes out looking
|
|
Batting: RHB Joe Young
|
0-0: Foul Ball, location: 2F 0-1: Fly out, F6 (Popup, 6MD, EV 54.4 MPH)
|
|
Batting: LHB Erik Gretzky
|
0-0: Called Strike 0-1: Foul Ball, location: 2F 0-2: Ball 1-2: Ball 2-2: Ground out 4-3 (Groundball, 4S, EV 83.8 MPH)
|
| Bottom of the 3rd over - 0 runs, 0 hits, 0 errors, 0 left on base; Madison 1 - Americus 2 |
| TOP OF THE 4TH |
|
Madison Brewers batting - Pitching for Americus Braves : RHP George Kellum
|
|
Batting: RHB Drew Forbess
|
0-0: Called Strike 0-1: Called Strike 0-2: Foul Ball, location: 2F 0-2: Ball 1-2: Strikes out looking
|
|
Batting: RHB Chris Fruit
|
0-0: SINGLE (Groundball, 4MD, EV 98.8 MPH)
|
|
Batting: RHB Victor Alarcon
|
0-0: Called Strike 0-1: Swinging Strike 0-2: Foul Ball, location: 2F 0-2: Strikes out swinging
|
|
Batting: RHB Jesus Menjivar
|
0-0: Fielders Choice at 2nd, 6-4 (Groundball, 56D, EV 78.8 MPH)
|
| Top of the 4th over - 0 runs, 1 hit, 0 errors, 1 left on base; Madison 1 - Americus 2 |
| BOTTOM OF THE 4TH |
|
Americus Braves batting - Pitching for Madison Brewers : LHP Sam Glaser
|
|
Batting: RHB Hisayuki Akiyama
|
0-0: Ball 1-0: DOUBLE (Line Drive, 8LD, EV 98.1 MPH)
|
|
Batting: RHB Josh McCormick
|
0-0: Called Strike 0-1: Called Strike 0-2: Ball 1-2: Foul Ball, location: 2F 1-2: 2-RUN HOME RUN (Flyball, 78XD, EV 113.1 MPH), Distance : 419 ft
|
|
Batting: SHB Jose Melendez
|
0-0: Called Strike 0-1: Ball 1-1: Called Strike 1-2: Fly out, F9 (Flyball, 9S, EV 96.2 MPH)
|
|
Batting: LHB Ryan Murdock
|
0-0: Ball 1-0: Called Strike 1-1: Reached on error, E5 (Groundball, 5S, EV 84.4 MPH)
|
|
Batting: SHB Jordan Barragan
|
0-0: Called Strike 0-1: Ball 1-1: SINGLE (Groundball, 56, EV 84.4 MPH) (infield hit) Ryan Murdock to second
|
|
Batting: RHB Gerard Michel
|
0-0: Foul Ball, location: 2F 0-1: Ball 1-1: Ball 2-1: SINGLE (Line Drive, 89S, EV 95.6 MPH) Ryan Murdock to third Jordan Barragan to second
|
|
Pitching: LHP Tony Salazar
|
|
|
Batting: RHB George Provance
|
0-0: Ball 1-0: Ball 2-0: Called Strike 2-1: Called Strike 2-2: Ball 3-2: Foul Ball, location: 2F 3-2: Strikes out swinging
|
|
Batting: RHB Joe Young
|
0-0: Called Strike 0-1: Swinging Strike 0-2: Foul Ball, location: 2F 0-2: Ball 1-2: Ball 2-2: Foul Ball, location: 2F 2-2: Foul Ball, location: 2F 2-2: Fly out, F7 (Flyball, 7, EV 91.9 MPH)
|
| Bottom of the 4th over - 2 runs, 4 hits, 1 error, 3 left on base; Madison 1 - Americus 4 |
| TOP OF THE 5TH |
|
Madison Brewers batting - Pitching for Americus Braves : RHP George Kellum
|
|
Batting: RHB Justin Marino
|
0-0: Called Strike 0-1: Fly out, F9 (Flyball, 9LS, EV 88.8 MPH)
|
|
Batting: LHB Rick Campbell
|
0-0: Called Strike 0-1: Swinging Strike 0-2: Strikes out swinging
|
|
Batting: SHB Ramon Perez
|
0-0: Foul Ball, location: 2F 0-1: Foul Ball, location: 2F 0-2: Strikes out swinging
|
| Top of the 5th over - 0 runs, 0 hits, 0 errors, 0 left on base; Madison 1 - Americus 4 |
| BOTTOM OF THE 5TH |
|
Americus Braves batting - Pitching for Madison Brewers : LHP Tony Salazar
|
|
Batting: LHB Erik Gretzky
|
0-0: Ball 1-0: Swinging Strike 1-1: Called Strike 1-2: Foul Ball, location: 2F 1-2: Foul Ball, location: 2F 1-2: Ball 2-2: Strikes out looking
|
|
Batting: RHB Hisayuki Akiyama
|
0-0: Called Strike 0-1: Ball 1-1: Ball 2-1: Swinging Strike 2-2: Ball 3-2: Foul Ball, location: 2F 3-2: Ground out 6-3 (Groundball, 6D, EV 105.6 MPH)
|
|
Now at 2B: Nick Moore
|
|
|
Now at SS: Rick Campbell
|
|
|
Batting: RHB Josh McCormick
|
0-0: Called Strike 0-1: Called Strike 0-2: Foul Ball, location: 2F 0-2: Foul Ball, location: 2F 0-2: Ball 1-2: Foul Ball, location: 2F 1-2: Ball 2-2: Ball 3-2: Base on Balls
|
|
Pitching: RHP Omar Morales
|
|
|
Batting: SHB Jose Melendez
|
0-0: Called Strike 0-1: Swinging Strike 0-2: Strikes out swinging
|
| Bottom of the 5th over - 0 runs, 0 hits, 0 errors, 1 left on base; Madison 1 - Americus 4 |
| TOP OF THE 6TH |
|
Madison Brewers batting - Pitching for Americus Braves : RHP George Kellum
|
|
Batting: SHB Aaron Neill
|
0-0: Called Strike 0-1: Foul Ball, location: 2F 0-2: Strikes out looking
|
|
Batting: SHB Jerry Duffy
|
0-0: Ball 1-0: Swinging Strike 1-1: Ball 2-1: Ball 3-1: Called Strike 3-2: SINGLE (Groundball, 3D, EV 97.5 MPH)
|
|
Batting: RHB Drew Forbess
|
0-0: Foul Ball, location: 2F 0-1: Foul Ball, location: 2F 0-2: Ball 1-2: Foul Ball, location: 2F 1-2: Fly out, F4 (Popup, 4M, EV 70.6 MPH)
|
|
Batting: RHB Chris Fruit
|
0-0: Called Strike 0-1: Ball 1-1: Foul Ball, location: 2F 1-2: Fielders Choice at 2nd, 6-4 (Groundball, 6, EV 106.9 MPH)
|
| Top of the 6th over - 0 runs, 1 hit, 0 errors, 1 left on base; Madison 1 - Americus 4 |
| BOTTOM OF THE 6TH |
|
Americus Braves batting - Pitching for Madison Brewers : RHP Omar Morales
|
|
Batting: LHB Ryan Murdock
|
0-0: Ball 1-0: Foul Ball, location: 2F 1-1: Called Strike 1-2: Foul Ball, location: 2F 1-2: Ball 2-2: Foul Ball, location: 2F 2-2: Fly out, F8 (Flyball, 78D, EV 101.2 MPH)
|
|
Batting: SHB Jordan Barragan
|
0-0: Swinging Strike 0-1: Foul Ball, location: 2F 0-2: Ball 1-2: Foul Ball, location: 2F 1-2: Foul Ball, location: 2F 1-2: Strikes out looking
|
|
Batting: RHB Gerard Michel
|
0-0: Foul Ball, location: 2F 0-1: SINGLE (Line Drive, 8RS, EV 104.4 MPH)
|
|
Batting: RHB George Provance
|
0-0: Ball 1-0: Ball 2-0: Foul Ball, location: 2F 2-1: Ball 3-1: Foul Ball, location: 2F 3-2: Ground out U3 (Groundball, 3, EV 99.4 MPH)
|
| Bottom of the 6th over - 0 runs, 1 hit, 0 errors, 1 left on base; Madison 1 - Americus 4 |
| TOP OF THE 7TH |
|
Madison Brewers batting - Pitching for Americus Braves : RHP George Kellum
|
|
Batting: RHB Victor Alarcon
|
0-0: Ball 1-0: DOUBLE (Flyball, 8RXD, EV 105.0 MPH)
|
|
Pinch Hitting: LHB Steven Donovan
|
0-0: Ball 1-0: Foul Ball, location: 2F 1-1: Called Strike 1-2: Strikes out looking
|
|
Pinch Hitting: RHB Herb McIntyre
|
0-0: Called Strike 0-1: Ball 1-1: SINGLE (Line Drive, 89M, EV 107.5 MPH) Victor Alarcon to third
|
|
Batting: LHB Rick Campbell
|
0-0: SINGLE (Groundball, 4D, EV 98.8 MPH) Victor Alarcon scores Herb McIntyre to second
|
|
Pinch Runner at 2nd Sam Bingham:
|
|
|
Pinch Hitting: SHB C.J. Olivares
|
0-0: Ball Wild Pitch! Sam Bingham to third Rick Campbell to second 1-0: Ball 2-0: Fly out, F8 (Flyball, 78D, EV 105.0 MPH)
|
|
Batting: SHB Aaron Neill
|
0-0: Ball 1-0: Swinging Strike 1-1: SINGLE (Groundball, 6S, EV 68.8 MPH) (infield hit) Sam Bingham scores Rick Campbell to third
|
|
Batting: SHB Jerry Duffy
|
0-0: Called Strike 0-1: Swinging Strike 0-2: Ball 1-2: Ball 2-2: Strikes out swinging
|
| Top of the 7th over - 2 runs, 4 hits, 0 errors, 2 left on base; Madison 3 - Americus 4 |
| BOTTOM OF THE 7TH |
|
Americus Braves batting - Pitching for Madison Brewers : RHP Omar Morales
|
|
Pitching: RHP Alejandro Souto
|
|
|
Now at 1B: Sal Burgos
|
|
|
Now at 2B: C.J. Olivares
|
|
|
Now at 3B: Drew Forbess
|
|
|
Now in CF: Steven Donovan
|
|
|
Batting: RHB Joe Young
|
0-0: Ball 1-0: Called Strike 1-1: Swinging Strike 1-2: Ball 2-2: Strikes out swinging
|
|
Batting: LHB Erik Gretzky
|
0-0: Foul Ball, location: 2F 0-1: Ball 1-1: Ball 2-1: Fly out, F8 (Flyball, 89M, EV 89.4 MPH)
|
|
Batting: RHB Hisayuki Akiyama
|
0-0: Called Strike 0-1: Foul Ball, location: 2F 0-2: Ball 1-2: Strikes out swinging
|
| Bottom of the 7th over - 0 runs, 0 hits, 0 errors, 0 left on base; Madison 3 - Americus 4 |
| TOP OF THE 8TH |
|
Madison Brewers batting - Pitching for Americus Braves : RHP George Kellum
|
|
Batting: RHB Drew Forbess
|
0-0: Ball 1-0: Ball 2-0: SINGLE (Line Drive, 89S, EV 106.9 MPH)
|
|
Batting: RHB Chris Fruit
|
0-0: Bunt - Flyout to 13! F1
|
|
Batting: RHB Victor Alarcon
|
0-0: Ball 1-0: Foul Ball, location: 2F 1-1: Called Strike 1-2: Fielders Choice at 2nd, 5-4 (Groundball, 5L, EV 104.4 MPH)
|
|
Pitching: RHP Gareth Cutts
|
|
|
Batting: LHB Steven Donovan
|
0-0: Called Strike 0-1: Foul Ball, location: 2F 0-2: Fielders Choice at 2nd, 5-4 (Groundball, 5L, EV 76.9 MPH)
|
| Top of the 8th over - 0 runs, 1 hit, 0 errors, 1 left on base; Madison 3 - Americus 4 |
| BOTTOM OF THE 8TH |
|
Americus Braves batting - Pitching for Madison Brewers : RHP Alejandro Souto
|
|
Batting: RHB Josh McCormick
|
0-0: Called Strike 0-1: Ball 1-1: Foul Ball, location: 2F 1-2: Foul Ball, location: 2F 1-2: Ground out 6-3 (Groundball, 4MD, EV 79.4 MPH)
|
|
Batting: SHB Jose Melendez
|
0-0: Called Strike 0-1: Ball 1-1: Called Strike 1-2: Strikes out looking
|
|
Batting: LHB Ryan Murdock
|
0-0: Ball 1-0: Foul Ball, location: 2F 1-1: Foul Ball, location: 2F 1-2: Ball 2-2: Foul Ball, location: 2F 2-2: Ball 3-2: Foul Ball, location: 2F 3-2: SINGLE (Groundball, 34D, EV 95.6 MPH)
|
|
Batting: SHB Jordan Barragan
|
0-0: Called Strike 0-1: Ball 1-1: Called Strike 1-2: Foul Ball, location: 2F 1-2: Ball 2-2: Foul Ball, location: 2F 2-2: Strikes out swinging
|
| Bottom of the 8th over - 0 runs, 1 hit, 0 errors, 1 left on base; Madison 3 - Americus 4 |
| TOP OF THE 9TH |
|
Madison Brewers batting - Pitching for Americus Braves : RHP Gareth Cutts
|
|
Batting: LHB Sal Burgos
|
0-0: Foul Ball, location: 2F 0-1: Called Strike 0-2: Strikes out swinging
|
|
Batting: LHB Rick Campbell
|
0-0: SINGLE (Groundball, 6M, EV 105.6 MPH) (infield hit)
|
|
Batting: SHB C.J. Olivares
|
0-0: Ball 1-0: Ball 2-0: Ball 3-0: Called Strike 3-1: Ground out 5-3 (Groundball, 15, EV 82.5 MPH) Rick Campbell to second
|
|
Batting: SHB Aaron Neill
|
0-0: Ball 1-0: SINGLE (Line Drive, 89S, EV 95.0 MPH) Rick Campbell to third Runner from 3rd tries for Home, SAFE, throw by RF to home
|
|
Batting: SHB Jerry Duffy
|
0-0: Called Strike Aaron Neill steals 2nd base 0-1: Foul Ball, location: 2F 0-2: Foul Ball, location: 2F 0-2: Ball 1-2: Ball 2-2: Ball 3-2: Fly out, F3 (Popup, 34, EV 55.0 MPH)
|
| Top of the 9th over - 1 run, 2 hits, 0 errors, 1 left on base; Madison 4 - Americus 4 |
| BOTTOM OF THE 9TH |
|
Americus Braves batting - Pitching for Madison Brewers : RHP Alejandro Souto
|
|
Pinch Hitting: LHB Andres Aldape
|
0-0: Ball 1-0: Foul Ball, location: 2F 1-1: Ball 2-1: Ball 3-1: Called Strike 3-2: Foul Ball, location: 2F 3-2: Strikes out looking
|
|
Batting: RHB George Provance
|
0-0: Swinging Strike 0-1: Ball 1-1: Ball 2-1: Ball 3-1: Reached on error, E4 (Groundball, 4M, EV 99.4 MPH)
|
|
Batting: RHB Joe Young
|
0-0: Ball 1-0: Ball 2-0: Called Strike 2-1: Ball 3-1: Base on Balls
|
|
Batting: LHB Erik Gretzky
|
0-0: Ball 1-0: Ball 2-0: Called Strike George Provance steals 3rd base Joe Young to second 2-1: Ball 3-1: Base on Balls
|
|
Pitching: RHP Joe Gonzales
|
|
|
Batting: RHB Hisayuki Akiyama
|
0-0: Ball 1-0: Foul Ball, location: 2F 1-1: Ball 2-1: Ball 3-1: GRAND SLAM HOME RUN (Flyball, 7D, EV 94.4 MPH), Distance : 377 ft
|
| Bottom of the 9th over - 4 runs, 1 hit, 1 error, 0 left on base; Madison 4 - Americus 8 |
| |
|
Game Over ... Americus defeats Madison, 8 to 4
|
|
|